 Dungeon Crawl Stone Soup version 0.29.1-2-gbd0b4ee654 (webtiles) character file.

Game seed: 16180108329262929640

480 whiskeysaurus the Insei (level 7, 0/46 HPs)
             Began as an Octopode Transmuter on Nov 18, 2022.
             Slain by an iguana (14 damage)
             ... on level 5 of the Dungeon.
             The game lasted 00:12:32 (6138 turns).

whiskeysaurus the Insei (Octopode Transmuter)       Turns: 6138, Time: 00:12:33

Health: 0/46       AC:  2    Str:  9    XL:     7   Next: 11%
Magic:  9/12       EV: 21    Int: 17    God:
Gold:   233        SH:  5    Dex: 18    Spells: 8/12 levels left

rFire   . . .      SeeInvis .     - Unarmed
rCold   . . .      Faith    .   (shield currently unavailable)
rNeg    . . .      Spirit   .   (helmet currently unavailable)
rPois   x          Reflect  +   h - amulet of reflection
rElec   .          Harm     .   (no ring)
rCorr   .          Rampage  .   (no ring)
Will    .....                   (no ring)
Stlth   ++........              (no ring)
HPRegen 0.15/turn               (no ring)
MPRegen 0.13/turn               (no ring)
                                (no ring)
                                (no ring)

@: spider-form
A: venomous fangs, almost no armour, (amphibious), 8 rings, tiny, (camouflage
1), (gelatinous body 1), (nimble swimmer 1), (tentacles)
a: End Transformation


You were on level 5 of the Dungeon.
You were a venomous arachnid creature.
You visited 1 branch of the dungeon, and saw 5 of its levels.

You collected 233 gold pieces.

Inventory:

Missiles
 c - 3 javelins
 u - 2 poisoned darts
Jewellery
 h - an amulet of reflection (around neck)
Scrolls
 a - a scroll of magic mapping {unknown}
 b - a scroll of identify
 d - a scroll of enchant weapon {unknown}
 g - 2 scrolls of teleportation {unknown}
 i - a scroll of enchant armour {unknown}
 l - a scroll of noise {unknown}
 m - a scroll of brand weapon {unknown}
 o - a scroll of summoning {unknown}
 q - a scroll of amnesia {unknown}
 s - 2 scrolls of fear {unknown}
Potions
 e - 4 potions of brilliance
 f - a potion of curing {unknown}
 j - 2 potions of attraction
 k - 2 potions of flight
 n - a potion of mutation {unknown}
 p - a potion of invisibility {unknown}
 r - a potion of magic {unknown}
 t - a potion of degeneration {unknown}


   Skills:
 + Level 3.2 Fighting
 + Level 3.7 Dodging
 + Level 4.3 Unarmed Combat
 + Level 3.4 Spellcasting
 + Level 3.6 Transmutations


You had 8 spell levels left.
You knew the following spells:

 Your Spells              Type           Power      Damage    Failure   Level
a - Beastly Appendage     Tmut           30%        N/A       12%         1
b - Spider Form           Tmut/Pois      9%         N/A       45%         3

Your spell library contained the following spells:

 Spells                   Type           Power      Damage    Failure   Level
 Wereblood                Tmut           15%        N/A       16%         2
 Apportation              Tloc           4%         N/A       36%         1
 Necrotise                Necr           8%         1d4       36%         1
 Summon Small Mammal      Summ           8%         N/A       36%         1
 Poisonous Vapours        Pois/Air       4%         N/A       47%         2
 Scorch                   Fire           4%         2d5       47%         2
 Ice Form                 Ice/Tmut       9%         N/A       80%         4
 Corpse Rot               Necr/Pois/Air  2%         N/A       95%         4
 Flame Wave               Conj/Fire      2%         2d4       95%         4
 Summon Cactus Giant      Summ           1%         N/A       100%        6


Dungeon Overview and Level Annotations

Branches:
Dungeon (5/15)
 Temple: D:4-7

Altars:

Shops:
D:2 *[

Annotations:
D:4 Robin


Innate Abilities, Weirdness & Mutations

You are a venomous arachnid creature.
You have poisonous fangs.
You are tiny and dextrous.
Your spellcasting is less reliable in this form.
Your armour is entirely melded.
You are incapable of wielding weapons or throwing items.
You cannot wear most types of armour.
((You are amphibious.))
You can wear up to eight rings at the same time.
((Your skin changes colour to match your surroundings (Stealth+).))
((Your rubbery body absorbs attacks. (AC +1, EV +1)))
((You are camouflaged when in or above water. (Stealth+)))
((You have tentacles for arms and can constrict up to eight enemies at once.))


Message History

The hound is almost dead.
You constrict the hound.
You kill the hound!
You see here a scorpion corpse.
A gnoll comes into view. It is wielding a +0 whip of venom.
A gnoll comes into view. It is wielding a +0 whip.
The gnoll shouts!
An iguana comes into view.
The iguana hisses angrily.
Found 6 gold pieces.
One of your tentacles grows a vicious spike.
Found a stone staircase leading down.
A gnoll comes into view. It is wielding a +0 flail.
The gnoll shouts!
You tentacle-slap the iguana. You grab the iguana.
The iguana is lightly wounded.
You constrict the iguana, but do no damage.
The iguana bites you!
You tentacle-slap the iguana but do no damage.
You pierce the iguana.
The iguana is lightly wounded.
You constrict the iguana.
A centaur comes into view.
The iguana misses you.
You release your grip on the iguana.
The iguana attacks as you move away! The iguana bites you!
The gnoll attacks as you move away! The gnoll hits you with a +0 whip!
Casting: Beastly Appendage (safe; 3% risk of failure)
Confirm with . or Enter, or press ? or * to list all spells.
The spell is quite dangerous to miscast (24% risk of failure)!
Continue anyway? [Y]es or [N]o only, please.
The spell is quite dangerous to miscast (24% risk of failure)!
Continue anyway? [Y]es or [N]o only, please.
The spell is quite dangerous to miscast (24% risk of failure)!
Continue anyway?
Your tentacle spike disappears.
You turn into a venomous arachnid creature.
You block the iguana's attack. The iguana attacks as you move away!
The iguana closely misses you. The iguana attacks as you move away!
The iguana bites you!
You die...

#..)..#.#
#..##
#.......# #..#
#.....### ...#
#.....#
######.#.#
###.###
....... .. #.#
....... ..
#†#####.......
#.#.g.g.......
#s#.###.......
#l#.###...c.$.
#..g..#g......
###.#.##>####.
#.#.# g#
#......#
###.#...#
...... .....


You could see an iguana.

Vanquished Creatures
  An elf zombie (D:4)
  A scorpion (D:5)
  2 hounds
  An orc priest (D:3)
  An iguana (D:4)
  An orc wizard (D:4)
  2 human skeletons (D:4)
  7 adders
  An ufetubus (D:5)
  A worm (D:3)
  4 dart slugs
  13 orcs
  5 ball pythons
  7 endoplasms
  5 giant cockroaches
  4 goblins
  5 hobgoblins
  A jackal (D:1)
  6 kobolds
  3 quokkas
  4 bats
  3 frilled lizards
  2 orc zombies (D:4)
  5 rats
85 creatures vanquished.

Notes
Turn   | Place    | Note
-------+----------+-------------------------------------------
     0 | D:1      | whiskeysaurus the Octopode Transmuter began the quest for
                  | the Orb.
     0 | D:1      | Reached XP level 1. HP: 13/13 MP: 3/3
   351 | D:1      | Reached XP level 2. HP: 12/18 MP: 5/5
  1383 | D:1      | Reached XP level 3. HP: 17/23 MP: 4/6
  1474 | D:1      | Found a faded altar of an unknown god.
  1666 | D:2      | Found Cedel's General Store.
  1893 | D:2      | Found Maesay's Armour Emporium.
  1951 | D:2      | HP: 1/23 [adder (3)]
  2534 | D:2      | Reached XP level 4. HP: 29/29 MP: 5/7
  3860 | D:3      | Reached XP level 5. HP: 34/34 MP: 6/9
  4387 | D:4      | Noticed Robin
  4420 | D:3      | Learned a level 3 spell: Spider Form
  5310 | D:4      | Reached skill level 4 in Unarmed Combat
  5310 | D:4      | Reached XP level 6. HP: 41/41 MP: 10/10
  5734 | D:5      | Entered Level 5 of the Dungeon
  6077 | D:5      | Reached XP level 7. HP: 46/46 MP: 7/12
  6138 | D:5      | Slain by an iguana

Illustrated notes

Levels and vault maps discovered:
D:1:      ncdulo_halloftheorcs, layout_basic,
          hellmonk_ecumenical_altar_crossroads, st_stairs_14
D:2:      layout_loops_ring, serial_shops, shop, shop
D:3:      layout_loops_ring, columned_hall_lemuel,
          minmay_misc_feat_secret_circle
D:4:      layout_loops_corners, nicolae_ossuary_entry_catacombs,
          minmay_close_crescents, uniq_robin
D:5:      layout_loops_cross, slow_altar_2

Skill      XL: |  1  2  3  4  5  6 |
---------------+-------------------+-----
Fighting       | 2 3 |  3.2
Dodging        | 3 |  3.7
Transmutations | 3 |  3.6
Spellcasting   | 3 |  3.4
Unarmed Combat | 4 |  4.3

Action                   |  1- 3 |  4- 6 |  7- 9 || total
-------------------------+-------+-------+-------++-------
Melee: Unarmed           |    76 |   158 |     6 ||   240
       Constrict         |    19 |    39 |     2 ||    60
       Kick              |    21 |    48 |     1 ||    70
       Tentacles         |    12 |    26 |     1 ||    39
       Punch             |     2 |     7 |       ||     9
 Cast: Beastly Appendage |    21 |    33 |     1 ||    55
       Spider Form       |       |     1 |     1 ||     2
  Use: Scroll            |     1 |     3 |       ||     4
       Potion            |     1 |     3 |       ||     4
 Stab: Sleeping          |     5 |     9 |       ||    14
Armor: Skin              |     6 |    17 |       ||    23
Dodge: Dodged            |    25 |    74 |     6 ||   105
Block: Other             |       |    23 |     3 ||    26
